 Dungeon Crawl Stone Soup version 5.5-19-gbfab8aa (webtiles) character file.

46 gishou the Shield-Bearer (level 4, -3/31 HPs)
             Began as a Skeleton Fighter on Apr 19, 2018.
             Slain by a gnoll
             ... wielding a +0 halberd
              (4 damage)
             ... on level 2 of the Dungeon.
             The game lasted 00:02:28 (815 turns).

gishou the Shield-Bearer (Skeleton Fighter)          Turns: 815, Time: 00:02:29

Health: -3/31      AC: 10 (28%)Str: 18  XL:     4   Next: 65%
Magic:  5/5        EV:  8    Int:  6    God:
Gold:   93         SH: 13    Dex: 11    Spells: 4/4 levels left

rFire    . . .     SeeInvis .   a - +2 trident
rCold    + . .     Faith    .   c - +0 shield
rNeg     + + +     Spirit   .   b - +0 scale mail
rPois    ∞         Reflect  .   (no helmet)
rElec    .                      (no cloak)
rCorr    .                      (no gloves)
MR       .....                  (no boots)
Stlth    ..........             (no amulet)
Regen    0.1/turn               (no ring)
MPRegen  0.2/turn               (no ring)

@: corpse armour
A: spooky, fear immunity, bone armour, cold resistance 1, negative energy
resistance 3, torment resistance, unbreathing
a: no special abilities


You were on level 2 of the Dungeon.
You were not hungry.

You visited 1 branch of the dungeon, and saw 2 of its levels.

You collected 93 gold pieces.

Inventory:

Hand Weapons
 a - a +2 trident (weapon)
Missiles
 i - 18 frenzy darts (quivered)
 l - 80 poisoned darts
Armour
 b - a +0 scale mail (worn)
 c - a +0 shield (worn)
Jewellery
 e - an uncursed ring of wizardry
 j - an uncursed amulet of faith
Wands
 k - a wand of flame (11)
Scrolls
 f - a scroll of teleportation
 g - 2 scrolls of immolation
 h - a scroll of amnesia
Potions
 d - 2 potions of augmentation


   Skills:
 + Level 3.2 Fighting
 * Level 2.6 Polearms
 + Level 3.1 Armour
 + Level 1.6 Dodging
 + Level 3.8 Shields


You had 4 spell levels left.
You didn't know any spells.

Dungeon Overview and Level Annotations

Branches:
Dungeon (2/15)

Altars:
Xom


Innate Abilities, Weirdness & Mutations

You are spooky and scary.
You do not feel fear.
You gain temporary bone armour from killing.
You are immune to poison.
Your flesh is cold resistant. (rC+)
You are immune to negative energy. (rN+++)
You are immune to unholy pain and torment.
You can survive without breathing.


Message History

The gnoll is heavily wounded.
You block the gnoll's attack.
You puncture the gnoll (8)!
You kill the gnoll!
You block the bat's attack. The bat hits you but does no damage. x2
You miss the bat. You block the bat's attack. The gnoll closely misses you.
The bat hits you but does no damage.
You miss the bat. You block the bat's attack. The gnoll barely misses you.
You closely miss the bat. You block the bat's attack. x2
The gnoll hits you from afar with a +0 halberd (6).
* * * LOW HITPOINT WARNING * * *
You miss the bat. The bat hits you but does no damage.
You block the bat's attack. The gnoll barely misses you.
The bat hits you but does no damage.
You puncture the bat (13)!
You kill the bat!
The gnoll hits you from afar with a +0 halberd (8)!
* * * LOW HITPOINT WARNING * * *
The gnoll hits you with a +0 halberd (4).
You die...

## #...!...#
#......# #.....## #
#>....## .#
#......## ..#
##..##.)## ..=
#.####).## ..#.# #.#
##..###.....#
#####.######..@g...#
#.....[...#######.##
###.###.##.......
....#......######
.##...##.###
....##...# .#### ###
.# ##


You could see a gnoll.

Vanquished Creatures
  3 gnolls (D:2)
  7 dart slugs
  5 quokkas
  6 bats
  A giant cockroach (D:1)
  3 goblins
  5 hobgoblins
  2 jackals (D:1)
  6 frilled lizards
  8 kobolds
  5 rats
51 creatures vanquished.

Notes
Turn   | Place    | Note
-------+----------+-------------------------------------------
     0 | D:1      | gishou the Skeleton Fighter began the quest for the Orb.
     0 | D:1      | Reached XP level 1. HP: 15/15 MP: 2/2
   140 | D:1      | Reached XP level 2. HP: 20/20 MP: 3/3
   238 | D:1      | Reached skill level 1 in Dodging
   246 | D:1      | Reached XP level 3. HP: 24/26 MP: 4/4
   597 | D:2      | Found a shimmering altar of Xom.
   738 | D:2      | Reached XP level 4. HP: 23/31 MP: 5/5
   814 | D:2      | HP: 1/31 [gnoll/+0 halberd (8)]
   815 | D:2      | Slain by a gnoll

Skill      XL: |  1  2  3  4 |
---------------+-------------+-----
Fighting       | 3 |  3.2
Dodging        | 1 |  1.6
Armour         | 3 |  3.1
Polearms       | |  2.6
Shields        | |  3.8

Action                   |  1- 3 |  4- 6 || total
-------------------------+-------+-------++-------
Melee: Trident           |   136 |    39 ||   175
  Use: Scroll            |     2 |       ||     2
Armor: Scale mail        |    39 |    14 ||    53
Dodge: Dodged            |    35 |     7 ||    42
Block: Shield            |    65 |    21 ||    86
